 Dungeon Crawl Stone Soup version 0.30.0-20-g3b4254fcbd (webtiles) character file.

Game seed: 5708190190972912116

30 olmar the Covered (level 3, -5/33 HPs)
             Began as an Armataur Fighter on June 2, 2023.
             Slain by Sigmund
             ... wielding a +0 scythe
              (7 damage)
             ... on level 2 of the Dungeon.
             The game lasted 00:00:46 (1045 turns).

olmar the Covered (Armataur Fighter)                Turns: 1045, Time: 00:00:46

Health: -5/33      AC:  8    Str: 23    XL:     3   Next: 3%
Magic:  3/3        EV:  7    Int:  8    God:
Gold:   46         SH:  4    Dex:  9    Spells: 2/2 levels left

rFire   . . .        a - +0 flail
rCold   . . .        c - +0 buckler
rNeg    . . .        b - +0 scale mail
rPois   .            (no helmet)
rElec   .            f - +0 cloak
rCorr   .            (no gloves)
SInv    .            (no barding)
Will    .....        (no amulet) Stlth
                     (no ring)
HPRegen 0.25/turn    (no ring)
MPRegen 0.08/turn

%: roll
@: mighty
A: large, rugged brown scales 3, deformed body, armoured tail, roll, long
tongue, awkward tongue
a: no special abilities


You were on level 2 of the Dungeon.
You visited 1 branch of the dungeon, and saw 2 of its levels.

You collected 46 gold pieces.

Inventory:

Hand Weapons
 a - a +0 flail (weapon)
Armour
 b - a +0 scale mail (worn)
 c - a +0 buckler (worn)
 f - a +0 cloak (worn)
Scrolls
 e - 2 scrolls of fear {unknown}
 g - a scroll of vulnerability {unknown}
 h - 2 scrolls of enchant weapon {unknown}
 i - a scroll of identify {unknown}
 j - a scroll of amnesia {unknown}
 k - a scroll of immolation {unknown}
Potions
 l - a potion of ambrosia {unknown}
 m - a potion of attraction {unknown}
 n - a potion of flight {unknown}


   Skills:
 + Level 3.0 Fighting
 + Level 2.1 Maces & Flails
 + Level 4.1 Armour
 + Level 3.6 Shields


You had 2 spell levels left.
You didn't know any spells.
Your spell library contained the following spells:

 Spells                   Type           Power      Damage    Failure   Level
 Call Canine Familiar     Summ           0%         N/A       98%         3
 Portal Projectile        Hex/Tloc       0%         N/A       98%         3
 Leda's Liquefaction      Hex/Erth       0%         N/A       100%        4


Dungeon Overview and Level Annotations

Branches:
Dungeon (2/15)

Altars:

Annotations:
D:2 Sigmund


Innate Abilities, Weirdness & Mutations

You are completely covered in rugged brown scales. (AC +3, +7% HP)
Armour fits poorly on your strangely shaped body.
You have a long armoured tail.
You roll when moving toward enemies. (Rampage)
Your long tongue fully drains potion bottles. (2x potion effects)
Your tongue gives you trouble enunciating. (1.5x scroll delay)


Message History

Increase (S)trength, (I)ntelligence, or (D)exterity?
You feel stronger. x2
You see here a worm corpse.
You see here a worm corpse.
Sigmund the Dreaded comes into view.
He is wielding a +0 scythe and wearing a +0 robe of resistance.
Sigmund shouts!
Sigmund is nearby!
Sigmund is nearby!
Sigmund breathes a few words.
Sigmund's hands start flickering wildly.
You aren't carrying any items that you can evoke.
You feel very mighty all of a sudden.
You slurp down every last drop of the potion of might!
Sigmund mumbles some strange words.
Sigmund flickers and vanishes!
Deactivating autopickup; reactivate with Ctrl-A.
Found a scroll labelled HENOPO FIPAZXI.
Something hits you.
You closely miss something.
Your tail-slap misses something.
Something hits you.
You miss something.
Your tail-slap misses something.
You miss something.
Your tail-slap misses something.
Something hits you!
You barely miss something. Something hits you.
You miss something. Something hits you.
You closely miss something. Something hits you but does no damage.
You hit something but do no damage. Something hits you but does no damage.
You completely miss something. Something hits you but does no damage.
You miss something.
You hear some strange, mumbled words.
A puff of flame appears from out of thin air!
The puff of flame hits you.
* * * LOW HITPOINT WARNING * * *
You completely miss something.
Your tail-slap misses something.
Something hits you.
* * * LOW HITPOINT WARNING * * *
You closely miss something.
Your tail-slap misses something.
Something completely misses you.
You completely miss something. Something hits you.
* * * LOW HITPOINT WARNING * * *
You sock something! Something hits you!
You die...

#.# #.##.# ##+##
#.# ..# #.# #.##.#
#.# #.. .# #.#
#.##.# #.# ### #.#
#.##.# ##.##
#.###.##.#####...##
#.†...............#
#####............##
#####.###.#..# #.#
#.#@.# #.# #..{...#
#.# ###..### #.#
#..# #.. .... ...
..### ... ... ..?.


There were no monsters in sight!

Vanquished Creatures
  A worm (D:2)
  A dart slug (D:1)
  3 bats (D:1)
  An endoplasm (D:1)
  2 giant cockroaches (D:1)
  3 goblins
  3 hobgoblins
  2 kobolds
  2 ball pythons (D:1)
  3 rats (D:1)
21 creatures vanquished.

Notes
Turn   | Place    | Note
-------+----------+-------------------------------------------
     0 | D:1      | olmar the Armataur Fighter began the quest for the Orb.
     0 | D:1      | Reached XP level 1. HP: 19/19 MP: 1/1
   217 | D:1      | Reached XP level 2. HP: 26/26 MP: 2/2
   432 | D:1      | Reached skill level 4 in Armour
  1011 | D:2      | Reached XP level 3. HP: 33/33 MP: 3/3
  1028 | D:2      | Noticed Sigmund
  1045 | D:2      | Slain by Sigmund

Illustrated notes

Levels and vault maps discovered:
D:1:      kilobyte_arrival_exit_the_forest, layout_basic,
          chequers_serial_rivers_micro_b
D:2:      layout_loops_corners, serial_shops, shop, minmay_pentomino_x4,
          uniq_sigmund

Skill      XL: |  1  2 |
---------------+-------+-----
Armour         | 4 |  4.1
Maces & Flails | 2 |  2.1
Fighting       | 3 |  3.0
Shields        | |  3.6

Action                     || total
---------------------------++-------
  Melee: Flail             ||    65
         Tailslap          ||     6
    Use: Potion            ||     1
 Armour: Scale mail        ||    34
  Dodge: Dodged            ||    18
  Block: Buckler           ||     3
